 Dungeon Crawl Stone Soup version 0.25-a0-860-gf695395 (webtiles) character file.

Game seed: 10499334000096801380, levelgen mode: deterministic

88 Illumine the Chopper (level 4, -7/41 HPs)
             Began as a Hill Orc Monk on Apr 27, 2020.
             Mangled by a gnoll
             ... wielding a +0 halberd
              (10 damage)
             ... on level 3 of the Dungeon.
             The game lasted 00:03:46 (2445 turns).

Illumine the Chopper (Hill Orc Monk)                Turns: 2445, Time: 00:03:46

Health: -7/41      AC: 10    Str: 14    XL:     4   Next: 53%
Magic:  4/4        EV:  4    Int: 10    God:
Gold:   105        SH:  0    Dex: 13    Spells: 3/3 levels left

rFire    + . .     SeeInvis .   a - +0 hand axe
rCold    . . .     Gourm    .   (no shield)
rNeg     . . .     Faith    .   r - +0 plate armour {rF+}
rPois    .         Spirit   .   (no helmet)
rElec    .         Reflect  .   (no cloak)
rCorr    .         Harm     .   (no gloves)
MR       .....                  (no boots)
Stlth    ..........             (no amulet)
HPRegen  0.13/turn              (no ring)
MPRegen  0.09/turn              (no ring)

@: lightly drained
A: no striking features
a: no special abilities


You were on level 3 of the Dungeon.
You were not hungry.

You visited 1 branch of the dungeon, and saw 3 of its levels.

You collected 105 gold pieces.

Inventory:

Hand Weapons
 a - a +0 hand axe (weapon)
 b - a +0 hunting sling
Missiles
 g - 17 poisoned darts (quivered)
 j - 61 stones
 m - 47 sling bullets
Armour
 r - a +0 plate armour of fire resistance (worn)
Jewellery
 n - an uncursed ring of fire
Scrolls
 d - 3 scrolls of identify {unknown}
 e - 3 scrolls of teleportation {unknown}
 l - a scroll of blinking {unknown}
 o - 2 scrolls of immolation {unknown}
 p - a scroll of magic mapping {unknown}
Potions
 f - 2 potions of resistance {unknown}
 h - a potion of berserk rage {unknown}
 i - a potion of heal wounds {unknown}
 k - 2 potions of haste {unknown}
 q - a potion of curing {unknown}
 s - a potion of mutation {unknown}
Comestibles
 c - 3 rations


   Skills:
 + Level 4.6(4.2) Fighting
 * Level 5.9(5.5) Axes
 + Level 0.6(0.3) Armour
 - Level 2.4(2.0) Dodging
 - Level 1.5(1.2) Stealth


You had 3 spell levels left.
You didn't know any spells.
Your spell library was empty.

Dungeon Overview and Level Annotations

Branches:
Dungeon (3/15)

Altars:
Fedhas
Sif Muna


Message History

Your plate armour prevents you from hitting the gnoll.
The gnoll hits you. The gnoll hits you with a +0 halberd!
* * * LOW HITPOINT WARNING * * *
You hit the gnoll.
The gnoll is almost dead.
Your plate armour prevents you from hitting the gnoll.
The gnoll barely misses you.
The kobold throws a stone.
The stone hits you but does no damage.
Your plate armour prevents you from hitting the gnoll.
The gnoll is almost dead.
You hit the gnoll but do no damage. The gnoll hits you.
* * * LOW HITPOINT WARNING * * *
The gnoll hits you but does no damage.
The kobold throws a stone.
The stone completely misses you.
Unknown command.
You closely miss the gnoll.
The gnoll is almost dead.
You closely miss the gnoll. The gnoll hits you but does no damage.
The gnoll hits you with a +0 halberd!
You die...

....g.......(.
.....!........##
....g.....(....#
......<........#
............?..#
...)...........#
#......!.......########
#..............g.)....#
......s.......sK@g....#
..o............>.(....#
.........#....#.......#
. #.##........(# ...
#.#.......##
..#.#.#.>......##
#.#............
#...............
##..........####


You could see 2 gnolls, a giant cockroach and a kobold.

Vanquished Creatures
  A gnoll (D:3)
  2 adders (D:2)
  A worm (D:2)
  3 dart slugs (D:1)
  2 leopard geckos
  An orc (D:3)
  4 bats
  2 giant cockroaches (D:2)
  11 goblins
  7 hobgoblins
  6 kobolds
  A quokka (D:2)
  A frilled lizard (D:2)
  5 rats
47 creatures vanquished.

Notes
Turn   | Place    | Note
-------+----------+-------------------------------------------
     0 | D:1      | Illumine the Hill Orc Monk began the quest for the Orb.
     0 | D:1      | Reached XP level 1. HP: 19/19 MP: 1/1
   123 | D:1      | Reached XP level 2. HP: 23/27 MP: 2/2
   584 | D:1      | Reached skill level 5 in Axes
  1197 | D:2      | Reached XP level 3. HP: 33/33 MP: 3/3
  1915 | D:2      | Reached XP level 4. HP: 41/41 MP: 4/4
  2145 | D:2      | Found a shimmering blue altar of Sif Muna.
  2145 | D:2      | Found a blossoming altar of Fedhas.
  2315 | D:3      | Found a faded altar of an unknown god.
  2445 | D:3      | Mangled by a gnoll

Levels and vault maps discovered:
D:1:      mrwooster_arrival_arrow, layout_loops_ring, minmay_pentomino_r4
D:2:      layout_basic, amethyst_overflow_temple_binary, first_ration
D:3:      layout_rooms, chequers_ecumenical_altar_simple_redux, uniq_terence

Skill      XL: |  1  2 |
---------------+-------+-----
Fighting       | 4 |  4.6
Axes           | 5 |  5.9
Armour         | |  0.6
Dodging        | |  2.4
Stealth        | |  1.5

Action                   |  1- 3 |  4- 6 || total
-------------------------+-------+-------++-------
Melee: Hand axe          |    87 |    52 ||   139
 Fire: Hunting sling     |    17 |    15 ||    32
 Stab: Sleeping          |     4 |       ||     4
  Eat: Chunk             |     2 |     3 ||     5
Armor: Robe              |     4 |       ||     4
       Leather armour    |     5 |       ||     5
       Plate armour      |       |    60 ||    60
Dodge: Dodged            |    51 |    14 ||    65

Table legend:
 A = Non-vault XP
 B = Vault XP
 C = Vault XP percentage of total XP
 D = Non-vault monster count
 E = Vault monster count
 F = Vault count percentage of total count
                 A         B        C        D         E       F
            +---------+---------+-------+---------+---------+-------
      Total |     114 |      12 |   9.5 |      43 |       4 |   8.5
            +---------+---------+-------+---------+---------+-------
        D:1 |      20 |      12 |  37.5 |      12 |       4 |  25.0
        D:2 |      68 |       0 |   0.0 |      23 |       0 |   0.0
        D:3 |      26 |       0 |   0.0 |       8 |       0 |   0.0
            +---------+---------+-------+---------+---------+-------
